 Dungeon Crawl Stone Soup version 0.24.0-13-gcf9b3192b9 (webtiles) character file.

Game seed: 229420978304859344, levelgen mode: deterministic

137 Monsterracer the Chopper (level 5, 0/61 HPs)
             Began as a Demonspawn Gladiator on Nov 10, 2019.
             Succumbed to an orc's poison
             ... on level 2 of the Dungeon.
             The game lasted 00:03:34 (3248 turns).

Monsterracer the Chopper (Demonspawn Gladiator)     Turns: 3248, Time: 00:03:35

Health: 0/61       AC: 22    Str: 20    XL:     5   Next: 0%
Magic:  5/5        EV:  2    Int: 10    God:
Gold:   115        SH:  0    Dex: 14    Spells: 4/4 levels left

rFire    + . .     SeeInvis .   a - +0 war axe
rCold    + . .     Gourm    .   (no shield)
rNeg     + + +     Faith    .   (armour currently unavailable)
rPois    +         Spirit   .   (helmet currently unavailable)
rElec    +         Reflect  .   (cloak currently unavailable)
rCorr    +         Harm     .   (gloves currently unavailable)
MR       .....     NoTele   +   (boots currently unavailable)
Stlth    +.........             (no amulet)
HPRegen  0.20/turn              (no ring)
MPRegen  0.09/turn              (no ring)

@: mighty, lethally poisoned (0 -> -3), tree-form, resistant, hasted, very quick
A: repulsion field 1, powered by pain 2
a: no special abilities


You were on level 2 of the Dungeon.
You were hungry.
You were a tree.
You visited 1 branch of the dungeon, and saw 3 of its levels.

You collected 115 gold pieces.

Inventory:

Hand Weapons
 a - a +0 war axe (weapon)
Missiles
 d - 4 throwing nets (quivered) {!f}
Armour
 b - a +0 leather armour (melded)
 f - a +0 helmet (melded)
Scrolls
 e - 2 scrolls of teleportation {unknown}
 i - a scroll of enchant armour {unknown}
 l - a scroll of identify {unknown}
 m - 2 scrolls of fog {unknown}
 o - 2 scrolls of noise {unknown}
Comestibles
 c - 6 rations


   Skills:
 + Level 3.3 Fighting
 * Level 4.5 Axes
 - Level 1.7 Throwing
 - Level 2.6 Dodging


You had 4 spell levels left.
You didn't know any spells.
Your spell library was empty.

Dungeon Overview and Level Annotations

Branches:
Dungeon (3/15)

Altars:


Innate Abilities, Weirdness & Mutations

You are surrounded by a mild repulsion field. (EV +2)
You sometimes gain power by taking damage.


Message History

Unknown command.
Unknown command.
Unknown command.
Unknown command.
Unknown command.
Unknown command.
Okay, then.
* * * LOW HITPOINT WARNING * * *
You feel sick. The orc barely misses you.
Unknown command.
Unknown command.
Unknown command.
Unknown command.
It was a potion of flight.
You feel very buoyant.
You fly up into the air.
* * * LOW HITPOINT WARNING * * *
You feel sick. The orc barely misses you.
Unknown command.
It was a potion of haste.
You feel yourself speed up.
* * * LOW HITPOINT WARNING * * *
You feel sick.
The orc hits you with a +2 short sword of venom.
* * * LOW HITPOINT WARNING * * *
You are more poisoned.
It was a potion of lignification.
You turn into a tree.
Your +0 helmet melds into your body.
Your +0 leather armour melds into your body.
Your roots penetrate the ground.
* * * LOW HITPOINT WARNING * * *
You feel sick.
The orc hits you with a +2 short sword of venom.
* * * LOW HITPOINT WARNING * * *
You closely miss the orc.
* * * LOW HITPOINT WARNING * * *
You feel sick.
Unknown command.
It was a potion of might.
You feel very mighty all of a sudden.
* * * LOW HITPOINT WARNING * * *
You feel sick. The orc barely misses you.
It was a potion of resistance.
You feel protected.
* * * LOW HITPOINT WARNING * * *
You feel sick. The orc barely misses you.
Unknown command.
You hit the orc.
The orc is lightly wounded.
* * * LOW HITPOINT WARNING * * *
You feel sick. The orc hits you but does no damage.
You slash the orc!
You kill the orc!
You have reached level 5!
Your demonic ancestry asserts itself...
You begin to radiate repulsive energy.
* * * LOW HITPOINT WARNING * * *
You feel sick.
Unknown command.
Okay, then.
Unknown command.
There is a lethal amount of poison in your body!
There is a lethal amount of poison in your body!
* * * LOW HITPOINT WARNING * * *
You feel sick.
* * * LOW HITPOINT WARNING * * *
You feel sick.
You cannot move.
Unknown command.
You cannot move.
* * * LOW HITPOINT WARNING * * *
You feel sick.
You cannot move.
You cannot move.
You cannot move.
You cannot move.
* * * LOW HITPOINT WARNING * * *
You feel sick.
Unknown command.
Unknown command.
Unknown command.
Unknown command.
Unknown command.
Unknown command.
Unknown command.
Unknown command.
* * * LOW HITPOINT WARNING * * *
You feel sick.
Unknown command.
Unknown command.
* * * LOW HITPOINT WARNING * * *
You feel sick.
Unknown command.
* * * LOW HITPOINT WARNING * * *
You feel sick.
Unknown command.
Unknown command.
* * * LOW HITPOINT WARNING * * *
You feel sick.
Unknown command.
You die...

#....#
#.#...........##.######
#....#
#.#...........##.#
#....#
#.#......[....##.#
#....#
#.#...........##.#
#....####
#.#.##'#####.###.#
#.##....# #.#..#.# #.#
#.# ..##....# #.#..#.#
#.# #.# ####....#
#.#....# #.###.#
####....###.#.#.♣#
#.....#
...............)>#
#######
####....####...#.#
#....# ##...#.# #....#
#....#.#
####....###.....+###
.........##.#.#....#
.........##........#
.....#...#..#.#....#


There were no monsters in sight!

Vanquished Creatures
  A gnoll (D:1)
  4 adders (D:2)
  2 oozes (D:1 D:2)
  A worm (D:2)
  5 dart slugs (D:1 D:2)
  3 leopard geckos (D:1 D:2)
  3 orcs (D:3 D:2)
  A giant cockroach (D:2)
  8 goblins (D:1 D:2)
  6 hobgoblins (D:1 D:2 D:3)
  8 kobolds (D:1 D:2)
  A quokka (D:2)
  A ball python (D:1)
  12 bats (D:1 D:2)
  3 frilled lizards (D:1 D:2)
  8 rats (D:1 D:2)
67 creatures vanquished.

Notes
Turn   | Place    | Note
-------+----------+-------------------------------------------
     0 | D:1      | Monsterracer the Demonspawn Gladiator began the quest for
                  | the Orb.
     0 | D:1      | Reached XP level 1. HP: 16/16 MP: 1/1
   219 | D:1      | Reached skill level 3 in Axes
   386 | D:1      | Gained mutation: You sometimes gain a little power by
                  | taking damage. [demonic ancestry]
   386 | D:1      | Reached XP level 2. HP: 22/22 MP: 2/2
   701 | D:1      | Reached XP level 3. HP: 28/28 MP: 3/3
  1735 | D:2      | Reached skill level 4 in Axes
  1735 | D:2      | Gained mutation: You sometimes gain power by taking damage.
                  | [demonic ancestry]
  1735 | D:2      | Reached XP level 4. HP: 34/34 MP: 4/4
  1947 | D:2      | HP: 17/35 [poisoned by an adder]
  1952 | D:2      | HP: 14/35 [poisoned by an adder]
  1958 | D:1      | HP: 11/35 [poisoned by an adder]
  1963 | D:1      | HP: 10/35 [poisoned by an adder]
  1971 | D:1      | HP: 9/35 [poisoned by an adder]
  3220 | D:3      | HP: 17/35 [poisoned by an orc]
  3225 | D:2      | HP: 11/35 [poisoned by an orc]
  3230 | D:2      | HP: 8/52 [poisoned by an orc]
  3232 | D:2      | Gained mutation: You are surrounded by a mild repulsion
                  | field. (EV +2) [demonic ancestry]
  3232 | D:2      | Reached XP level 5. HP: 8/41 MP: 5/5
  3236 | D:2      | HP: 5/61 [poisoned by an orc]
  3241 | D:2      | HP: 2/61 [poisoned by an orc]
  3248 | D:2      | Succumbed to an orc's poison

Levels and vault maps discovered:
D:1:      dpeg_arrival_subterranean_lakeside_camping, layout_loops_corners,
          kennysheep_another_room
D:2:      layout_basic, serial_glass, glass_columns_a, glass_columns_a,
          minmay_split_cup_large
D:3:      layout_rooms, first_ration

Skill      XL: |  1  2  3  4 |
---------------+-------------+-----
Axes           | 3 4 |  4.5
Fighting       | 3 |  3.3
Throwing       | |  1.7
Dodging        | |  2.6

Action                   |  1- 3 |  4- 6 || total
-------------------------+-------+-------++-------
Melee: War axe           |   106 |    81 ||   187
  Use: Potion            |       |     5 ||     5
 Stab: Sleeping          |     4 |       ||     4
  Eat: Chunk             |     2 |     5 ||     7
Armor: Leather armour    |    39 |    27 ||    66
       Skin              |       |     1 ||     1
Dodge: Dodged            |   102 |    58 ||   160
